 Dungeon Crawl Stone Soup version 0.32-a0-868-g153ae1a8d6 (webtiles) character file.

Game seed: 18233222946503895324

773 ragingrage the Conjurer (level 7, -1/55 HPs)
             Began as a Human Warper on Mar 28, 2024.
             Was an Initiate of Ru.
             Slain by an orc warrior
             ... wielding a +0 war axe
              (6 damage)
             ... on level 5 of the Dungeon.
             The game lasted 00:10:05 (5432 turns).

ragingrage the Conjurer (Human Warper)              Turns: 5432, Time: 00:10:05

Health: -1/55      AC:  2    Str: 11    XL:     7   Next: 83%
Magic:  0/10       EV: 11    Int: 14    God:    Ru [......]
Gold:   172        SH:  0    Dex: 18    Spells: 4/10 levels left

rFire   . . .        j - +8 hand axe "Cyekol" {flame, *Slow rN+++ Will+ Int+2}
rCold   + . .        (no shield)
rNeg    + + +        r - +1 leather armour {rPois}
rPois   +            (no helmet)
rElec   .            (no cloak)
rCorr   .            (no gloves)
SInv    .            (no boots)
Will    +....        b - amulet of guardian spirit
Stlth   ++           p - ring of protection from cold
HPRegen 0.29/turn    (no ring)
MPRegen 0.12/turn

%: slow self (1%), guardian spirit
@: very slightly contaminated
A: explore regen, agile 1, deformed body, robust 1
a: Renounce Religion


You were on level 5 of the Dungeon.
You worshipped Ru.
Ru was noncommittal.
You visited 2 branches of the dungeon, and saw 7 of its levels.
You also visited: Sewer.

You collected 172 gold pieces.

Inventory:

Hand Weapons
 a - a +0 falchion
 j - the +8 hand axe "Cyekol" (weapon) {flame, *Slow rN+++ Will+ Int+2}
   (You took it off a gnoll bouda on level 4 of the Dungeon)

   Int+2:     It affects your intelligence (+2).
   rN+++:     It renders you almost immune to negative energy.
   Will+:     It increases your willpower.
   *Slow:     It may slow you when you take damage.
 s - a +4 flail
 v - the +3 dagger "Zeoxzudd" {antimagic, rElec rN+}
   (You found it on level 5 of the Dungeon)

   rElec:     It insulates you from electricity.
   rN+:       It protects you from negative energy.
Missiles
 d - 7 darts of dispersal
 e - 49 stones
 m - 6 poisoned darts
Armour
 r - a +1 leather armour of poison resistance (worn)
Jewellery
 b - an amulet of guardian spirit (around neck)
 p - a ring of protection from cold (left hand)
Wands
 u - a wand of charming (2)
Scrolls
 c - a scroll of blinking
 f - 2 scrolls of amnesia
 h - a scroll of revelation
 i - a scroll of summoning
 k - 3 scrolls of vulnerability
 l - 3 scrolls of teleportation
 o - a scroll of fear {unknown}
 q - a scroll of noise {unknown}
 t - 2 scrolls of enchant armour {unknown}
Potions
 g - a potion of haste
 n - a potion of mutation


   Skills:
 - Level 2.0 Fighting
 - Level 2.9 Long Blades
 + Level 1.8 Axes
 - Level 1.0 Throwing
 - Level 1.0 Armour
 - Level 2.0 Dodging
 - Level 2.0 Stealth
 - Level 2.0 Spellcasting
 + Level 4.5 Conjurations
 - Level 3.0 Translocations
 - Level 3.0 Air Magic
 + Level 4.5 Alchemy


You had 4 spell levels left.
You knew the following spells:

 Your Spells              Type           Power      Damage    Failure   Level
a - Mephitic Cloud        Conj/Alch/Air  12%        N/A       19%         3
b - Sting                 Conj/Alch      56%        1d6       4%          1
c - Blink                 Tloc           18%        N/A       14%         2

Your spell library contained the following spells:

 Spells                   Type           Power      Damage    Failure   Level
 Mercury Vapours          Alch/Air       22%        N/A       10%         2
 Lesser Beckoning         Tloc           18%        N/A       14%         2
 Teleport Other           Tloc           9%         N/A       26%         3
 Slow                     Hex            4%         N/A       30%         1
 Olgreb's Toxic Radiance  Alch           14%        N/A       43%         4
 Maxwell's Portable Pile  Tloc           9%         2d(6-12)  65%         4
 Vhi's Electric Charge    Tloc/Air       18%        N/A       65%         4
 Confusing Touch          Hex            1%         N/A       67%         3
 Vampiric Draining        Necr           1%         2d6       67%         3
 Freezing Cloud           Conj/Ice/Air   4%         6-21      97%         5


Dungeon Overview and Level Annotations

Branches:
Dungeon (6/15)             Temple (1/1) D:5           Sewer (visited)

Altars:
Ashenzari
Dithmenos
Elyvilon
Fedhas
Gozag
Hepliaklqana
Makhleb
Nemelex Xobeh
Qazlal
Ru
Sif Muna
Trog
Uskayaw
Vehumet
Wu Jian
Xom
Yredelemnul
Zin
The Shining One

Annotations:
D:2 Jessica
D:3 1 runed translucent door, Crazy Yiuf
D:4 exclusion: downstairs
D:5 3 runed translucent doors, exclusion: downstairs, SpaceCowgir3's ghost, amateur TrBe; xianbchi's ghost, novice OpHu


Innate Abilities, Weirdness & Mutations

You regain HP and MP as you explore.
You are agile. (Dex +4, Str/Int -1)
Armour fits poorly on your strangely shaped body.
You are robust. (+10% HP)


Message History

The orc warrior looks even sicker.
The orc warrior closely misses you.
You climb upwards.
Level annotation: 3 runed translucent doors, exclusion: downstairs, SpaceCowgir3's ghost, amateur TrBe; xianbchi's ghost, novice OpHu
There is a stone staircase leading down here.
Aiming: Sting (safe; 4% risk of failure)
Press: ? - help, Q - select action, (/) - cycle Shift-Dir - straight line, f - orc warrior
Aim: an orc warrior, wielding a +0 war axe and wearing a +0 chain mail (lightly wounded, very poisoned, 68% to hit)
The sting hits the orc warrior.
The orc warrior looks even sicker.
The orc warrior hits you with a +0 war axe!
Casting: Sting (safe; 4% risk of failure)
Okay, then.
Casting: Sting (safe; 4% risk of failure)
Okay, then.
Casting: Sting (safe; 4% risk of failure)
Aiming: Mephitic Cloud (dangerous; 19% risk of failure)
Press: ? - help, Shift-Dir - straight line, p - orc warrior The ball explodes into a vile cloud!
The stinking cloud engulfs the orc warrior.
The orc warrior hits you with a +0 war axe.
Unknown command.
Casting: Mephitic Cloud (dangerous; 19% risk of failure)
Aiming: Mephitic Cloud (dangerous; 19% risk of failure)
Press: ? - help, Shift-Dir - straight line, f - orc warrior
Aim: an orc warrior, wielding a +0 war axe and wearing a +0 chain mail (moderately wounded, very poisoned, chance to affect: 81%)
You miscast Mephitic Cloud.
You are very lightly contaminated with residual magic.
Nothing appears to happen.
The orc warrior hits you with a +0 war axe!
Casting: Mephitic Cloud (dangerous; 19% risk of failure)
You don't have enough magic to cast this spell.
Unknown command.
You barely miss the orc warrior.
The orc warrior hits you with a +0 war axe!
You closely miss the orc warrior.
The orc warrior hits you with a +0 war axe!
* * * LOW HITPOINT WARNING * * *
The orc warrior hits you with a +0 war axe.
You die...
Ru respects your ultimate sacrifice.

#..........##..#.....#.)...##
#........#####.......###...##
###.......### #...............#
#...........######.............
##........#..#####.............
###.##...##...##..............
####........................
####.....................
##.....@.......##.......
##.....o☼.......##.......
#......§§.......###.####.
###....☼§○.......##..#..#
#..................####
##........>.......##?♣⌠
##..........#.....##ß...
#...........#.....#.....
##....#............#♣....


You could see an orc warrior (very poisoned).

Vanquished Creatures
  3 ogres (D:5)
  A phantom (D:4)
  A scorpion (D:5)
  A jelly (D:5)
  2 bombardier beetles
  A gnoll bouda (D:4)
  4 orc priests (D:4)
  5 gnolls
  3 adders
  2 dart slugs
  A ribbon worm (D:3)
  11 orcs
  8 bats
  3 endoplasms
  5 goblins
  3 hobgoblins
  A quokka (D:4)
  14 ball pythons
  7 kobolds
  3 rats
79 creatures vanquished.

Notes
Turn   | Place    | Note
-------+----------+-------------------------------------------
     0 | D:1      | ragingrage the Human Warper began the quest for the Orb.
     0 | D:1      | Reached XP level 1. HP: 16/16 MP: 3/3
    84 | D:1      | Reached skill level 1 in Stealth
    84 | D:1      | Reached XP level 2. HP: 22/22 MP: 5/5
   428 | D:1      | Reached XP level 3. HP: 20/27 MP: 4/6
   870 | D:2      | Noticed Jessica
  1072 | D:2      | Learned a level 3 spell: Mephitic Cloud
  1349 | D:3      | Found a shadowy altar of Dithmenos.
  1363 | D:3      | Found a runed translucent door.
  1364 | D:3      | Noticed Crazy Yiuf
  1479 | D:3      | Reached XP level 4. HP: 28/33 MP: 7/7
  1497 | D:3      | Found a glowing drain.
  1504 | Sewer    | Entered a sewer
  1514 | Sewer    | Reached skill level 1 in Conjurations
  1517 | Sewer    | Reached skill level 1 in Alchemy
  1525 | Sewer    | Noticed a brain worm
  1535 | Sewer    | Gained mutation: You are robust. (+10% HP) [potion of
                  | mutation]
  1535 | Sewer    | Gained mutation: You are agile. (Dex +4, Str/Int -1)
                  | [potion of mutation]
  1535 | Sewer    | Gained mutation: Armour fits poorly on your strangely
                  | shaped body. [potion of mutation]
  1583 | Sewer    | Noticed a crocodile
  1715 | D:3      | Found a burning altar of Makhleb.
  1753 | D:3      | Reached skill level 1 in Air Magic
  1849 | D:3      | Learned a level 1 spell: Sting
  2670 | D:4      | Reached XP level 5. HP: 37/41 MP: 0/8
  3671 | D:4      | Reached XP level 6. HP: 48/48 MP: 4/9
  3709 | D:5      | Entered Level 5 of the Dungeon
  4092 | D:5      | Learned a level 2 spell: Blink
  4275 | D:5      | Reached XP level 7. HP: 38/55 MP: 1/10
  4355 | D:5      | Identified the +8 hand axe "Cyekol" {flame, *Slow rN+++
                  | Will+ Int+2}
  4595 | D:5      | Found a runed translucent gate.
  4595 | D:5      | Found a runed translucent gate.
  4595 | D:5      | Found a runed translucent gate.
  4599 | D:5      | Noticed xianbchi's ghost (novice OpHu)
  4599 | D:5      | Noticed SpaceCowgir3's ghost (amateur TrBe)
  5039 | D:5      | Reached skill level 1 in Axes
  5130 | D:5      | Identified the +3 dagger "Zeoxzudd" {antimagic, rElec rN+}
  5133 | D:5      | Found a staircase to the Ecumenical Temple.
  5142 | Temple   | Entered the Ecumenical Temple
  5147 | Temple   | Became a worshipper of Ru the Awakened
  5432 | D:5      | Slain by an orc warrior

Illustrated notes

Levels and vault maps discovered:
D:1:      dpeg_arrival_boxorama, layout_loops_ring, skrybe_limestone_x
D:2:      layout_basic, fountainhead, uniq_jessica
D:3:      layout_loops_cross, mainiacjoe_overflow_boulevard,
          mainiacjoe_overflow_catwalk,
          mainiacjoe_sewer_entry_somewhere_in_here_2, uniq_crazy_yiuf_cottage
D:4:      layout_loops_ring, grunt_ministairs_5, minmay_misc_feat_room
D:5:      layout_cave_pools, minmay_temple_entry_overgrown,
          gammafunk_ghost_cemetery
D:6:      layout_basic, cheibriados_altar_2,
          hellmonk_okawaru_the_only_friend_you_need, uniq_menkaure
Temple:   nicolae_temple_bog_church

Skill      XL: |  1  2  3  4  5  6  7 |
---------------+----------------------+-----
Stealth        | 1 2 |  2.0
Conjurations   | 1 2 4 |  4.5
Alchemy        | 1 2 4 |  4.5
Air Magic      | 1 3 |  3.0
Axes           | 1 |  1.8
Fighting       | |  2.0
Long Blades    | |  2.9
Throwing       | |  1.0
Armour         | |  1.0
Dodging        | |  2.0
Spellcasting   | |  2.0
Translocations | |  3.0

Action                     |  1- 3 |  4- 6 |  7- 9 || total
---------------------------+-------+-------+-------++-------
  Melee: Falchion          |   125 |    62 |     6 ||   193
         Hand axe          |       |       |     8 ||     8
  Throw: Dart              |       |     5 |       ||     5
   Cast: Sting             |       |    81 |    31 ||   112
         Mephitic Cloud    |       |       |     2 ||     2
    Use: Potion            |     1 |     3 |     2 ||     6
         Scroll            |       |     6 |       ||     6
   Stab: Sleeping          |     4 |       |       ||     4
 Armour: Leather armour    |    36 |    58 |    22 ||   116
         Ring mail         |    73 |       |       ||    73
  Dodge: Dodged            |    61 |    52 |    10 ||   123

Table legend: (Time is in decaauts)
 A = Elapsed time spent in this place.
 B = Non-inter-level travel time spent in this place.
 C = Inter-level travel time spent in this place.
 D = Time resting spent in this place.
 E = Time spent auto-exploring this place.
 F = Levels seen in this place.
 G = Mean time per level.
                   A        B        C        D        E       F      G
               +--------+--------+--------+--------+--------+-----+--------+
         Total |   5508 |   4951 |    557 |   1226 |   2599 |   8 |  688.5 |
       Dungeon |   5379 |   4831 |    548 |   1179 |   2592 |   6 |  896.5 |
        Temple |     10 |      1 |      9 |      0 |      0 |   1 |   10.0 |
         Sewer |    118 |    118 |      0 |     47 |      7 |   1 |  118.0 |
               +--------+--------+--------+--------+--------+-----+--------+

Top non-repeatable levels by time:
     D:4: 1526 daAuts
     D:3: 1465 daAuts
     D:5: 1115 daAuts
     D:1: 887 daAuts
     D:2: 370 daAuts
   Sewer: 118 daAuts
     D:6: 13 daAuts
  Temple: 10 daAuts
